 Dungeon Crawl Stone Soup version 0.28.0-47-ge53b351184 (webtiles) character file.

Game seed: 8961575260959801070

1232 firemarshallily the Grasshopper (level 8, -2/57 (64) HPs)
             Began as a Gnoll Warper on May 10, 2022.
             Was an Initiate of Gozag.
             Killed from afar by Maggie (15 damage)
             ... with a bolt of fire
             ... on level 6 of the Dungeon.
             The game lasted 00:22:33 (3739 turns).

firemarshallily the Grasshopper (Gnoll Warper)      Turns: 3739, Time: 00:22:34

HP:   -2/57 (64)    AC: 13    Str: 12    XL:     8   Next: 48%
MP:   16/17         EV: 13    Int: 19    God:    Gozag
Gold: 1880          SH:  0    Dex: 12    Spells: 4/19 levels left

rFire   . . .      SeeInvis .   a - +0 falchion
rCold   + . .      Faith    .   (no shield)
rNeg    . . .      Spirit   .   f - +2 leather armour {rC+}
rPois   .          Reflect  .   (no helmet)
rElec   .          Harm     .   o - +0 cloak
rCorr   .          Rampage  .   u - +0 pair of gloves
Will    .....                   d - +0 pair of boots
Stlth   ++........              e - amulet of regeneration
HPRegen 0.99/turn               g - +4 ring of protection
MPRegen 0.15/turn               k - +6 ring of intelligence

@: mesmerised, heavily drained
A: fangs 1, strong nose, distributed training
a: Renounce Religion, Potion Petition, Call Merchant, Bribe Branch


You were on level 6 of the Dungeon.
You worshipped Gozag.
Gozag was most pleased with you.
You visited 1 branch of the dungeon, and saw 6 of its levels.

You collected 1880 gold pieces.

Inventory:

Hand Weapons
 a - a +0 falchion (weapon)
 v - a +2 quarterstaff of chaos
Missiles
 b - 5 poisoned darts
 i - 134 stones
 n - 6 boomerangs (quivered)
Armour
 d - a +0 pair of boots (worn)
 f - a +2 leather armour of cold resistance (worn)
 o - a +0 cloak (worn)
 u - a +0 pair of gloves (worn)
Magical Staves
 h - a staff of poison
Jewellery
 e - an amulet of regeneration (around neck)
 g - a +4 ring of protection (left hand)
 k - a +6 ring of intelligence (right hand)
 p - a ring of flight
Wands
 w - a wand of iceblast (6)
 z - a wand of polymorph (12)
Scrolls
 c - a scroll of blinking
 m - 5 scrolls of teleportation
 s - a scroll of identify
 t - a scroll of torment {unknown}
 y - a scroll of holy word {unknown}
 A - a scroll of magic mapping {unknown}
 D - a scroll of enchant weapon {unknown}
Potions
 j - 3 potions of curing
 l - 2 potions of magic {unknown}
 q - 2 potions of flight
 r - 2 potions of might {unknown}
 x - a potion of lignification {unknown}
 B - a potion of attraction {unknown}
 C - 3 potions of degeneration {unknown}


   Skills:
 + Level 5.7 Fighting
 + Level 3.3 Short Blades
 + Level 5.7 Long Blades
 + Level 3.3 Axes
 + Level 3.3 Maces & Flails
 + Level 3.3 Polearms
 + Level 3.3 Staves
 + Level 3.3 Slings
 + Level 3.3 Bows
 + Level 3.3 Crossbows
 + Level 4.2 Throwing
 + Level 4.2 Armour
 + Level 5.7 Dodging
 + Level 3.3 Stealth
 + Level 3.3 Shields
 + Level 3.3 Unarmed Combat
 + Level 6.0 Spellcasting
 + Level 2.7 Conjurations
 + Level 2.7 Hexes
 + Level 2.7 Summonings
 + Level 2.7 Necromancy
 + Level 6.1 Translocations
 + Level 2.7 Transmutations
 + Level 2.7 Fire Magic
 + Level 2.7 Ice Magic
 + Level 2.7 Air Magic
 + Level 2.7 Earth Magic
 + Level 2.7 Poison Magic
 + Level 3.6 Invocations
 + Level 3.3 Evocations


You had 4 spell levels left.
You knew the following spells:

 Your Spells              Type           Power      Damage    Failure   Level
a - Teleport Other        Tloc           29%        N/A       3%          3
b - Gell's Gravitas       Tloc           29%        N/A       3%          3
c - Frozen Ramparts       Ice            32%        1d5       14%         3
d - Blink                 Tloc           58%        N/A       1%          2
e - Ensorcelled Hibernat  Hex/Ice        32%        N/A       7%          2
f - Static Discharge      Conj/Air       16%        N/A       7%          2

Your spell library contained the following spells:

 Spells                   Type           Power      Damage    Failure   Level
 Lesser Beckoning         Tloc           29%        N/A       3%          3
 Spider Form              Tmut/Pois      16%        N/A       14%         3
 Anguish                  Hex/Necr       8%         N/A       43%         4
 Ice Form                 Ice/Tmut       16%        N/A       43%         4
 Summon Ice Beast         Ice/Summ       16%        N/A       43%         4
 Manifold Assault         Tloc           29%        N/A       30%         5
 Lightning Bolt           Conj/Air       8%         1d20      78%         5
 Summon Mana Viper        Hex/Summ       16%        N/A       78%         5
 Monstrous Menagerie      Summ           8%         N/A       100%        7
 Maxwell's Capacitive Co  Air            8%         ∞         100%        8


Dungeon Overview and Level Annotations

Branches:
Dungeon (6/15)             Temple (0/1) D:4

Altars:
Gozag
Zin

Annotations:
D:4 Sigmund
D:6 Maggie


Innate Abilities, Weirdness & Mutations

You have very sharp teeth.
Your uncanny sense of smell can sniff out nearby items.
Your experience applies equally to all skills.


Message History

Maggie hits you with a +2 scimitar of draining.
You feel drained.
You closely miss Maggie.
Maggie is almost dead.
Maggie barely misses you.
You hit Maggie.
Maggie is almost dead.
Maggie misses you.
You hit Maggie. Your bite misses Maggie.
Maggie is almost dead.
Maggie points at you and mumbles some strange words.
The bolt of fire hits you!!
* * * LOW HITPOINT WARNING * * *
You hit Maggie but do no damage.
Maggie is almost dead.
Maggie completely misses you.
You hit Maggie.
Maggie is almost dead.
Maggie misses you.
Maggie hits you with a +2 scimitar of draining.
* * * LOW HITPOINT WARNING * * *
You feel drained.
You hit Maggie but do no damage. You bite Maggie, but do no damage.
Maggie is almost dead.
Maggie mumbles some strange words.
Maggie draws you further into her thrall.
You hit Maggie but do no damage.
Maggie is almost dead.
Maggie mumbles some strange words.
Maggie draws you further into her thrall.
You hit Maggie.
Maggie is almost dead.
Maggie casts a spell.
Maggie draws you further into her thrall.
You hit Maggie.
Maggie is almost dead.
Maggie casts a spell at you. The bolt of fire hits you!
You die...
Your body crumbles into a pile of gold.

###### #....# # #....#
#. #....#####
.####.####...@#...#
...............@...+
#.######.##....#...# #
#.######.##....#...#
.#........##....#...#
....####..##....#...#
. #..# #..#######...#
..###.###..# #...#
...........###########


You could see Maggie (mesmerising).

Vanquished Creatures
  A water moccasin (D:5)
  An ice beast (D:5)
  A black bear (D:5)
  A necrophage (D:5)
  An ogre (D:5)
  A bullfrog (D:5)
  4 scorpions
  A wyvern skeleton (D:5)
  A water moccasin zombie (D:6)
  2 hounds (D:5)
  A jelly (D:4)
  Crazy Yiuf (D:4)
  A centaur skeleton (D:5)
  An iguana (D:5)
  2 orc wizards
  A hound zombie (D:5)
  A hound skeleton (D:5)
  A gnoll (D:1)
  5 adders
  A white imp (D:6)
  An ufetubus (D:5)
  3 worms (D:3)
  2 dart slugs
  3 orcs
  7 endoplasms
  A giant cockroach (D:1)
  3 goblins
  6 hobgoblins
  4 kobolds
  3 quokkas
  3 ball pythons
  5 bats
  2 frilled lizards
  5 rats
77 creatures vanquished.

Vanquished Creatures (others)
  A plant (D:3)
1 creature vanquished.

Grand Total: 78 creatures vanquished

Notes
Turn   | Place    | Note
-------+----------+-------------------------------------------
     0 | D:1      | firemarshallily the Gnoll Warper began the quest for the
                  | Orb.
     0 | D:1      | Reached XP level 1. HP: 20/20 MP: 6/6
   187 | D:1      | Found a faded altar of an unknown god.
   193 | D:1      | Prayed at the altar of an unknown god.
   193 | D:1      | Became a worshipper of Gozag Ym Sagoz the Greedy
   242 | D:1      | Reached XP level 2. HP: 26/26 MP: 7/7
   503 | D:1      | Reached XP level 3. HP: 31/31 MP: 9/9
   650 | D:2      | Reached skill level 5 in Spellcasting
   846 | D:2      | Learned a level 3 spell: Teleport Other
   850 | D:2      | Learned a level 3 spell: Gell's Gravitas
  1322 | D:3      | Found a glowing silver altar of Zin.
  1332 | D:3      | Identified a scroll of acquirement
  1332 | D:3      | Acquired 1254 gold pieces
  1354 | D:3      | Reached skill level 1 in Invocations
  1481 | D:3      | Reached skill level 1 in Short Blades
  1481 | D:3      | Reached skill level 1 in Axes
  1481 | D:3      | Reached skill level 1 in Maces & Flails
  1481 | D:3      | Reached skill level 1 in Polearms
  1481 | D:3      | Reached skill level 1 in Staves
  1481 | D:3      | Reached skill level 1 in Slings
  1481 | D:3      | Reached skill level 1 in Bows
  1481 | D:3      | Reached skill level 1 in Crossbows
  1481 | D:3      | Reached skill level 1 in Stealth
  1481 | D:3      | Reached skill level 1 in Shields
  1481 | D:3      | Reached skill level 1 in Unarmed Combat
  1481 | D:3      | Reached skill level 1 in Evocations
  1887 | D:3      | Reached XP level 4. HP: 38/38 MP: 11/11
  2181 | D:4      | Noticed a scorpion
  2210 | D:3      | Reached skill level 1 in Conjurations
  2210 | D:3      | Reached skill level 1 in Hexes
  2210 | D:3      | Reached skill level 1 in Summonings
  2210 | D:3      | Reached skill level 1 in Necromancy
  2210 | D:3      | Reached skill level 1 in Transmutations
  2210 | D:3      | Reached skill level 1 in Fire Magic
  2210 | D:3      | Reached skill level 1 in Ice Magic
  2210 | D:3      | Reached skill level 1 in Air Magic
  2210 | D:3      | Reached skill level 1 in Earth Magic
  2210 | D:3      | Reached skill level 1 in Poison Magic
  2301 | D:4      | Killed a scorpion
  2302 | D:4      | Reached XP level 5. HP: 13/43 MP: 12/12
  2578 | D:4      | Reached XP level 6. HP: 50/50 MP: 13/13
  2747 | D:4      | Found a staircase to the Ecumenical Temple.
  2765 | D:4      | Noticed Sigmund
  2777 | D:4      | Found a runed translucent door.
  2778 | D:4      | Noticed Crazy Yiuf
  2789 | D:4      | Killed Crazy Yiuf
  2890 | D:5      | Entered Level 5 of the Dungeon
  2890 | D:5      | Noticed a water moccasin
  2912 | D:5      | Killed a water moccasin
  2913 | D:5      | Reached skill level 5 in Fighting
  2913 | D:5      | Reached skill level 5 in Long Blades
  2913 | D:5      | Reached skill level 5 in Dodging
  2918 | D:5      | Noticed a black bear
  2938 | D:5      | Killed a black bear
  2939 | D:5      | Reached XP level 7. HP: 39/56 MP: 15/15
  2979 | D:5      | Learned a level 3 spell: Frozen Ramparts
  2982 | D:5      | Learned a level 2 spell: Blink
  2985 | D:5      | Learned a level 2 spell: Ensorcelled Hibernation
  2988 | D:5      | Learned a level 2 spell: Static Discharge
  3143 | D:5      | Reached XP level 8. HP: 49/63 MP: 16/16
  3714 | D:6      | Noticed Maggie
  3739 | D:6      | Killed from afar by Maggie

Illustrated notes

Levels and vault maps discovered:
D:1:      dpeg_arrival_tiny_g, layout_basic, ebering_ecumenical_altar_petrified
D:2:      layout_loops_ring
D:3:      layout_loops_corners, zin_treasury, grunt_decor_arrowhead,
          serial_bayou_pond_c, small_statue_intersection
D:4:      layout_rooms, minmay_temple_entry_poolview, uniq_crazy_yiuf_cottage,
          uniq_sigmund
D:5:      layout_cave_pools, dk_vineyard_1
D:6:      layout_basic, uniq_maggie, uniq_grinder, uniq_pikel

Skill      XL: |  1  2  3  4  5  6  7  8 |
---------------+-------------------------+-----
Spellcasting   | 5 6 |  6.0
Invocations    | 1 2 3 |  3.6
Short Blades   | 1 2 3 |  3.3
Axes           | 1 2 3 |  3.3
Maces & Flails | 1 2 3 |  3.3
Polearms       | 1 2 3 |  3.3
Staves         | 1 2 3 |  3.3
Slings         | 1 2 3 |  3.3
Bows           | 1 2 3 |  3.3
Crossbows      | 1 2 3 |  3.3
Stealth        | 1 2 3 |  3.3
Shields        | 1 2 3 |  3.3
Unarmed Combat | 1 2 3 |  3.3
Evocations     | 1 2 3 |  3.3
Conjurations   | 1 2 |  2.7
Hexes          | 1 2 |  2.7
Summonings     | 1 2 |  2.7
Necromancy     | 1 2 |  2.7
Transmutations | 1 2 |  2.7
Fire Magic     | 1 2 |  2.7
Ice Magic      | 1 2 |  2.7
Air Magic      | 1 2 |  2.7
Earth Magic    | 1 2 |  2.7
Poison Magic   | 1 2 |  2.7
Throwing       | 3 4 |  4.2
Armour         | 3 4 |  4.2
Fighting       | 5 |  5.7
Long Blades    | 5 |  5.7
Dodging        | 5 |  5.7
Translocations | 6 |  6.1

Action                   |  1- 3 |  4- 6 |  7- 9 || total
-------------------------+-------+-------+-------++-------
Melee: Falchion          |   109 |   118 |   158 ||   385
       Bite              |     8 |    16 |    16 ||    40
       Punch             |     1 |     2 |     6 ||     9
Throw: Stone             |     6 |       |       ||     6
       Boomerang         |     1 |    31 |    21 ||    53
       Dart              |       |     3 |       ||     3
 Cast: Teleport Other    |       |     4 |       ||     4
       Gell's Gravitas   |       |     2 |       ||     2
       Frozen Ramparts   |       |       |     6 ||     6
       Blink             |       |       |     1 ||     1
  Use: Scroll            |     5 |     1 |       ||     6
       Potion            |       |     1 |       ||     1
Armor: Leather armour    |    40 |    59 |    96 ||   195
Dodge: Dodged            |    52 |    77 |   133 ||   262
